 Dungeon Crawl Stone Soup version 0.28-a0-957-g42eb19b844 (webtiles) character file.

Game seed: 7335237010972569545

303 oldriver the Magician (level 6, 24/24 HPs)
             Began as a Felid Fire Elementalist on Nov 30, 2021.
             Was a Follower of Vehumet.
             Quit the game on level 6 of the Dungeon on Dec 1, 2021.
             The game lasted 00:13:13 (6975 turns).

oldriver the Magician (Felid Fire Elementalist)     Turns: 6975, Time: 00:13:13

Health: 24/24      AC:  2    Str: 14    XL:     6   Next: 15%
Magic:  17/17      EV: 17    Int: 19    God:    Vehumet [*.....]
Gold:   187        SH:  0    Dex: 12    Spells: 15/19 levels left
                                        Lives:  0   Deaths: 2

rFire   . . .      SeeInvis +   (weapon unavailable)
rCold   + . .      Faith    .   (shield unavailable)
rNeg    . . .      Spirit   .   (armour unavailable)
rPois   .          Reflect  .   (helmet unavailable)
rElec   .          Harm     .   (cloak unavailable)
rCorr   +          Rampage  .   (gloves unavailable)
Will    +....                   (boots unavailable)
Stlth   ++........              (no amulet)
HPRegen 0.08/turn               m - ring of Nufoco {rC+ Will+ rCorr Str+4 Dex-4}
MPRegen 0.15/turn               b - +6 ring of strength

@: quick
A: very small, claws 1, fangs 3, see invisible, speed 1, shaggy fur 2, stealthy
paws, no weapons or thrown items, no armour, multi-lived
a: Renounce Religion


You were on level 6 of the Dungeon.
You worshipped Vehumet.
Vehumet was aware of your devotion.
You visited 1 branch of the dungeon, and saw 6 of its levels.

You collected 187 gold pieces.

Inventory:

Jewellery
 b - a +6 ring of strength (right paw)
 m - the ring of Nufoco (left paw) {rC+ Will+ rCorr Str+4 Dex-4}
   (You found it on level 4 of the Dungeon)

   [ring of resist corrosion]

   Str:       It affects your strength (+4).
   Dex:       It affects your dexterity (-4).
   rC:        It protects you from cold.
   rCorr:     It protects you from acid and corrosion.
   Will:      It increases your willpower.
Wands
 j - a wand of flame (15)
 n - a wand of paralysis (9)
Scrolls
 d - 6 scrolls of identify
 f - 3 scrolls of fog
 g - a scroll of teleportation
 i - a scroll of acquirement {unknown}
Potions
 a - 2 potions of resistance {unknown}
 c - 2 potions of heal wounds
 e - a potion of attraction {unknown}
 h - a potion of degeneration {unknown}
 l - 3 potions of curing {unknown}
 p - a potion of lignification {unknown}
 q - a potion of brilliance {unknown}
 s - a potion of flight {unknown}


   Skills:
 + Level 0.2 Fighting
 + Level 2.9 Dodging
 + Level 3.2 Stealth
 * Level 7.0 Spellcasting
 + Level 3.3 Conjurations
 + Level 5.1 Fire Magic
 + Level 0.1 Air Magic


You had 15 spell levels left.
You knew the following spells:

 Your Spells              Type           Power      Damage    Failure   Level
a - Foxfire               Conj/Fire      88%        2x1d8     1%          1
b - Scorch                Fire           52%        2d8       1%          2
c - Shock                 Conj/Air       52%        1d6       4%          1

Your spell library contained the following spells:

 Spells                   Type           Power      Damage    Failure   Level
 Magic Dart               Conj           76%        1d6       2%          1
 Searing Ray              Conj           38%        2d5       3%          2
 Conjure Flame            Conj/Fire      22%        6-21      5%          3
 Inner Flame              Hex/Fire       16%        N/A       11%         3
 Flame Wave               Conj/Fire      22%        2d6       19%         4
 Call Canine Familiar     Summ           6%         N/A       30%         3
 Fulminant Prism          Conj/Hex       6%         3d7       45%         4
 Leda's Liquefaction      Hex/Erth       3%         N/A       69%         4
 Portal Projectile        Hex/Tloc       Unusable   N/A       N/A         3

Dungeon Overview and Level Annotations

Branches:
Dungeon (6/15)             Temple (0/1) D:5

Altars:
Trog
Vehumet


Innate Abilities, Weirdness & Mutations

You have sharp claws.
You have razor-sharp teeth.
You have supernaturally acute eyesight. (SInv)
You cover ground quickly. (Speed+)
You are covered in thick fur. (AC +2)
Your paws help you pounce on unaware monsters.
You are incapable of wielding weapons or throwing items.
You cannot wear armour.
You gain extra lives every three experience levels.


Message History

You open the door. You open the door.
You hear the slow rusting of a drain nearby.
Found a scroll of teleportation.
There is an open door here.
You open the door.
There is an open door here.
You open the door.
There is an open door here.
Found 19 arrows.
Found a scroll labelled TIDANKECZI.
As you open the door, it creaks loudly!
There is an open door here.
You open the door.
There is an open door here.
Saving game... please wait.
You hear the sound of rushing water.
There is an entrance to a sewer on this level.
Hurry and find it before the portal rusts away!
Welcome back, oldriver the Felid Fire Elementalist.
Vehumet says: Let it end in hellfire!
Press ? for a list of commands and other information.
You open the door.
There is an open door here.
You hear the rusting of a very distant drain.
The centaur shoots an arrow.
The arrow hits you!
The centaur shoots an arrow.
The arrow hits you!
* * * LOW HITPOINT WARNING * * *
The centaur shoots an arrow.
The arrow hits you.
* * * LOW HITPOINT WARNING * * *
Found 21 stones.
The centaur shoots an arrow.
The arrow barely misses you.
You open the door.
Found 10 gold pieces.
The centaur shoots an arrow.
The arrow hits you!
You die...
The centaur shoots an arrow.
The arrow misses you.
You are now level 6!
You rejoin the land of the living...
Unknown command.
Are you sure you want to abandon this character and quit the game? (Confirm with "yes".)

...$..####....#..#....##'#.......
......####....#..#........#######
......##......#..#........#
......##.#....+..#........#
......##.........+........#
.........###.###.#........#######
#######....#.#...######.........#
#..#.#.###......#.........#
#..#....ยง#@.....#.........#
#..###.#.#......#.........#
#..........##....?........#
##.###.#.#..#..######.....#
#.#.....#..#...# #.....#
#.#.###..'...# #.....#
...#.#....#)..# #.....#
#.###.###..##### #.....#
#..........# #######


There were no monsters in sight!

Vanquished Creatures
  2 ogres (D:5)
  2 centaurs
  2 phantoms (D:5)
  3 scorpions
  3 wights (D:5)
  A bullfrog zombie (D:5)
  A jelly (D:6)
  Jessica (D:2)
  An iguana (D:5)
  Robin (D:2)
  5 adders
  11 gnolls
  2 worms (D:3)
  3 dart slugs
  3 orcs
  5 bats
  An endoplasm (D:1)
  8 giant cockroaches
  11 hobgoblins
  2 jackals (D:4)
  3 quokkas
  4 ball pythons
  2 frilled lizards
  13 goblins
  5 kobolds
  8 rats
103 creatures vanquished.

Vanquished Creatures (collateral kills)
  A foxfire (D:4)
1 creature vanquished.

Vanquished Creatures (others)
  5 demonic plants (D:3)
  565 foxfires
  2 withered plants (D:3)
572 creatures vanquished.

Grand Total: 676 creatures vanquished

Notes
Turn   | Place    | Note
-------+----------+-------------------------------------------
     0 | D:1      | oldriver the Felid Fire Elementalist began the quest for
                  | the Orb.
     0 | D:1      | Reached XP level 1. HP: 7/7 MP: 4/4
    99 | D:1      | Reached skill level 1 in Conjurations
   372 | D:1      | Reached XP level 2. HP: 11/11 MP: 1/6
  1350 | D:1      | Learned a level 2 spell: Scorch
  1428 | D:2      | Reached XP level 3. HP: 14/14 MP: 1/8
  1487 | D:2      | Noticed Jessica
  1491 | D:2      | Killed Jessica
  1492 | D:2      | Reached skill level 3 in Spellcasting
  1666 | D:2      | Reached XP level 4. HP: 18/18 MP: 2/9
  1965 | D:2      | Found a radiant altar of Vehumet.
  2060 | D:2      | Became a worshipper of Vehumet
  2160 | D:2      | Noticed Robin
  2177 | D:2      | Killed Robin
  2905 | D:3      | Reached XP level 5. HP: 21/21 MP: 5/11
  3134 | D:3      | Reached skill level 4 in Spellcasting
  3532 | D:3      | Found a faded altar of an unknown god.
  3997 | D:4      | Reached * piety under Vehumet
  3997 | D:4      | Offered knowledge of Shock by Vehumet.
  4045 | D:4      | Learned a level 1 spell: Shock
  4186 | D:4      | Gained mutation: You are covered in thick fur. (AC +2)
                  | [Felid growth]
  4186 | D:4      | Reached XP level 6. HP: 24/24 MP: 3/13
  4333 | D:4      | Identified the ring of Nufoco {rC+ Will+ rCorr Str+4 Dex-4}
  4719 | D:4      | Found a bloodstained altar of Trog.
  5253 | D:5      | Entered Level 5 of the Dungeon
  5495 | D:5      | Reached skill level 5 in Spellcasting
  5625 | D:5      | Reached XP level 7. HP: 27/27 MP: 7/16
  5686 | D:5      | Found a staircase to the Ecumenical Temple.
  5870 | D:5      | Reached skill level 6 in Spellcasting
  6743 | D:6      | Reached XP level 8. HP: 31/31 MP: 13/19
  6796 | D:6      | Reached skill level 5 in Fire Magic
  6838 | D:6      | Reached skill level 7 in Spellcasting
  6882 | D:6      | Shot with an arrow by a centaur
  6883 | D:6      | Reached XP level 7. HP: -4/27 MP: 3/18
  6974 | D:6      | Shot with an arrow by a centaur
  6975 | D:6      | Reached XP level 6. HP: -1/24 MP: 17/17
  6975 | D:6      | Quit the game

Illustrated notes

Levels and vault maps discovered:
D:1:      ncdulo_wetmaze, layout_loops_ring
D:2:      layout_rooms, basic_altar, uniq_jessica, uniq_robin
D:3:      layout_basic, shapermc_ecumenical_altar_gd
D:4:      layout_basic, trog_butcher_becter
D:5:      layout_loops_ring, minmay_temple_entry_wispy
D:6:      layout_gridville, cheibrodos_sewer_entry_bend,
          hangedman_abyss_or_decor_stagger, minmay_misc_feat_roman

Skill      XL: |  1  2  3  4  5  6  7  8 |
---------------+-------------------------+-----
Conjurations   | 1 2 3 |  3.3
Fire Magic     | 3 4 5 |  5.1
Spellcasting   | 3 4 5 6 7 |  7.0
Stealth        | 3 |  3.2
Fighting       | |  0.2
Dodging        | |  2.9
Air Magic      | |  0.1

Action                   |  1- 3 |  4- 6 |  7- 9 || total
-------------------------+-------+-------+-------++-------
 Cast: Foxfire           |    89 |   225 |    55 ||   369
       Scorch            |       |     5 |    22 ||    27
       Shock             |       |       |     5 ||     5
  Use: Scroll            |       |       |     7 ||     7
       Potion            |       |       |     1 ||     1
Armor: Skin              |     1 |     2 |       ||     3
Dodge: Dodged            |    11 |    24 |    15 ||    50

Table legend: (Time is in decaauts)
 A = Elapsed time spent in this place.
 B = Non-inter-level travel time spent in this place.
 C = Inter-level travel time spent in this place.
 D = Time resting spent in this place.
 E = Time spent auto-exploring this place.
 F = Levels seen in this place.
 G = Mean time per level.
                   A        B        C        D        E       F      G
               +--------+--------+--------+--------+--------+-----+--------+
         Total |   6278 |   6041 |    237 |   1383 |   3426 |   6 | 1046.3 |
       Dungeon |   6278 |   6041 |    237 |   1383 |   3426 |   6 | 1046.3 |
               +--------+--------+--------+--------+--------+-----+--------+

Top non-repeatable levels by time:
     D:4: 1347 daAuts
     D:1: 1250 daAuts
     D:2: 1217 daAuts
     D:3: 1160 daAuts
     D:5: 1088 daAuts
     D:6: 215 daAuts
